 Dungeon Crawl Stone Soup version 0.28.0 (webtiles) character file.

Game seed: 17220618976445608596

131 arthad the Grasshopper (level 5, -5/61 (64) HPs)
             Began as a Gnoll Warper on Feb 13, 2022.
             Slain by Pikel (13 damage)
             ... on level 3 of the Dungeon.
             The game lasted 00:06:18 (2258 turns).

arthad the Grasshopper (Gnoll Warper)               Turns: 2258, Time: 00:06:19

HP:   -5/61 (64)    AC: 22    Str: 12    XL:     5   Next: 14%
MP:   12/12         EV:  2    Int: 13    God:
Gold: 120           SH:  0    Dex: 11    Spells: 3/14 levels left

rFire   . . .      SeeInvis .   e - +1 war axe (vamp)
rCold   . . .      Faith    .   (no shield)
rNeg    . . .      Spirit   .   (armour currently unavailable)
rPois   +          Reflect  .   (helmet currently unavailable)
rElec   .          Harm     .   (cloak currently unavailable)
rCorr   .          Rampage  .   (gloves currently unavailable)
Will    .....      NoTele   +   (boots currently unavailable)
Stlth   +.........              (no amulet)
HPRegen 0.20/turn               (no ring)
MPRegen 0.13/turn               (no ring)

@: confused, tree-form, ambrosia-drunk, lightly drained
A: stationary, stasis, torment immunity, boosted hp, (fangs 1), strong nose,
distributed training
a: no special abilities


You were on level 3 of the Dungeon.
You were a tree.
You visited 1 branch of the dungeon, and saw 4 of its levels.

You collected 120 gold pieces.

Inventory:

Hand Weapons
 a - a +0 hand axe
 e - a +1 vampiric war axe (weapon)
Missiles
 d - 5 boomerangs of dispersal (quivered)
 k - 6 poisoned darts
 s - 5 silver boomerangs
Armour
 b - a +0 leather armour
 n - a +2 robe of positive energy (melded)
Scrolls
 c - 2 scrolls of blinking
 g - a scroll of acquirement {unknown}
 h - a scroll of immolation {unknown}
 i - 2 scrolls of identify {unknown}
 j - a scroll of magic mapping {unknown}
 l - a scroll of fog {unknown}
 p - a scroll of enchant armour {unknown}
Potions
 o - a potion of cancellation {unknown}
 q - a potion of attraction {unknown}
 r - a potion of degeneration {unknown}
 t - a potion of mutation {unknown}


   Skills:
 + Level 4.7 Fighting
 + Level 1.4 Short Blades
 + Level 1.4 Long Blades
 + Level 4.7 Axes
 + Level 1.4 Maces & Flails
 + Level 1.4 Polearms
 + Level 1.4 Staves
 + Level 1.4 Slings
 + Level 1.4 Bows
 + Level 1.4 Crossbows
 + Level 2.9 Throwing
 + Level 2.9 Armour
 + Level 4.7 Dodging
 + Level 1.4 Stealth
 + Level 1.4 Shields
 + Level 1.4 Unarmed Combat
 + Level 5.1 Spellcasting
 + Level 1.1 Conjurations
 + Level 1.1 Hexes
 + Level 1.1 Summonings
 + Level 1.1 Necromancy
 + Level 5.5 Translocations
 + Level 1.1 Transmutations
 + Level 1.1 Fire Magic
 + Level 1.1 Ice Magic
 + Level 1.1 Air Magic
 + Level 1.1 Earth Magic
 + Level 1.1 Poison Magic
 + Level 1.5 Invocations
 + Level 1.4 Evocations


You had 3 spell levels left.
You knew the following spells:

 Your Spells              Type           Power      Damage    Failure   Level
a - Blink                 Tloc           34%        N/A       2%          2
b - Gell's Gravitas       Tloc           17%        N/A       5%          3
c - Lesser Beckoning      Tloc           17%        N/A       5%          3
d - Teleport Other        Tloc           17%        N/A       5%          3

Your spell library contained the following spells:

 Spells                   Type           Power      Damage    Failure   Level
 Manifold Assault         Tloc           17%        N/A       45%         5


Dungeon Overview and Level Annotations

Branches:
Dungeon (4/15)
 Temple: D:4-7

Altars:
Sif Muna

Shops:
D:2 (

Annotations:
D:3 Pikel


Innate Abilities, Weirdness & Mutations

You are a tree.
Your roots penetrate the ground, keeping you stationary.
You cannot be teleported.
You are immune to unholy pain and torment.
Your maximum health is greatly increased.
Your equipment is partially melded.
((You have very sharp teeth.))
Your uncanny sense of smell can sniff out nearby items.
Your experience applies equally to all skills.


Message History

* * * LOW HITPOINT WARNING * * *
You climb upwards.
There is a stone staircase leading down here.
Okay, then.
Cast which spell? (? or * to list)
You blink.
Casting: Blink (safe; 2% risk of failure)
Confirm with . or Enter, or press ? or * to list all spells.
You are still too unstable to blink.
It was a potion of lignification.
You turn into a tree.
Your +2 robe of positive energy melds into your body.
You feel less protected from negative energy.
Your roots penetrate the ground.
The lemure hits you but does no damage.
It was a potion of ambrosia.
You are confused.
You feel invigorated. The lemure hits you but does no damage.
You're too confused to cast spells.
You cannot move. (Use ctrl+direction or * direction to attack without moving.)
There are monsters nearby!
You cannot move. (Use ctrl+direction or * direction to attack without moving.) Unknown command.
Unknown command.
You are too confused!
Okay, then.
Unknown command.
You cannot move. (Use ctrl+direction or * direction to attack without moving.)
You cannot move. (Use ctrl+direction or * direction to attack without moving.)
You cannot move. (Use ctrl+direction or * direction to attack without moving.) Non-targeted confused throw: 5 boomerangs (disperse)
Press: ? - help, Q - select action, (/) - cycle Dir - look around, f - activate
Okay, then.
You barely miss Pikel.
Pikel is lightly wounded.
You closely miss the lemure.
You feel stable enough to blink again.
Pikel hits you with a +2 whip of electrocution!
* * * LOW HITPOINT WARNING * * *
The lemure hits you but does no damage. Pikel hits you but does no damage.
You are electrocuted!
You die...

##.###.............#
#.# #.####
##...######..######
#.# #..... ##### #..#
#.# ######
#.<#########.#####
#................#
#.##########.###.####
#.# #..>...##.....##
#.#####.#######.###...
#....♣n5..# #.# #...
#....5K.#.#####.###.##
######...........#####
##.#.########§≈≈≈
#.#........#≈...
#.##########≈.## #.#
#≈.#. #.# #≈.#.
#.##########≈.#.


You could see Pikel, 2 lemures and a necrophage.

Vanquished Creatures
  An orc priest (D:3)
  Jessica (D:2)
  An adder (D:2)
  A worm (D:2)
  3 dart slugs
  2 orcs (D:3)
  5 endoplasms
  A giant cockroach (D:1)
  3 goblins
  3 hobgoblins
  8 jackals
  A quokka (D:1)
  6 ball pythons
  3 bats
  12 frilled lizards
  2 kobolds
  5 rats
58 creatures vanquished.

Vanquished Creatures (others)
  7 plants (D:2)
7 creatures vanquished.

Grand Total: 65 creatures vanquished

Notes
Turn   | Place    | Note
-------+----------+-------------------------------------------
     0 | D:1      | arthad the Gnoll Warper began the quest for the Orb.
     0 | D:1      | Reached XP level 1. HP: 20/20 MP: 6/6
   172 | D:1      | Reached XP level 2. HP: 20/26 MP: 7/7
   415 | D:1      | Reached XP level 3. HP: 31/31 MP: 9/9
   423 | D:1      | Reached skill level 5 in Spellcasting
   675 | D:2      | Found a shimmering blue altar of Sif Muna.
   682 | D:2      | Noticed Jessica
   688 | D:2      | Killed Jessica
   689 | D:2      | Reached skill level 1 in Short Blades
   689 | D:2      | Reached skill level 1 in Long Blades
   689 | D:2      | Reached skill level 1 in Maces & Flails
   689 | D:2      | Reached skill level 1 in Polearms
   689 | D:2      | Reached skill level 1 in Staves
   689 | D:2      | Reached skill level 1 in Slings
   689 | D:2      | Reached skill level 1 in Bows
   689 | D:2      | Reached skill level 1 in Crossbows
   689 | D:2      | Reached skill level 1 in Stealth
   689 | D:2      | Reached skill level 1 in Shields
   689 | D:2      | Reached skill level 1 in Unarmed Combat
   689 | D:2      | Reached skill level 1 in Invocations
   689 | D:2      | Reached skill level 1 in Evocations
   689 | D:2      | Reached XP level 4. HP: 38/38 MP: 11/11
  1101 | D:2      | Reached skill level 1 in Conjurations
  1101 | D:2      | Reached skill level 1 in Hexes
  1101 | D:2      | Reached skill level 1 in Summonings
  1101 | D:2      | Reached skill level 1 in Necromancy
  1101 | D:2      | Reached skill level 1 in Transmutations
  1101 | D:2      | Reached skill level 1 in Fire Magic
  1101 | D:2      | Reached skill level 1 in Ice Magic
  1101 | D:2      | Reached skill level 1 in Air Magic
  1101 | D:2      | Reached skill level 1 in Earth Magic
  1101 | D:2      | Reached skill level 1 in Poison Magic
  1104 | D:2      | Found Xuyzul's Weapon Shoppe.
  1137 | D:2      | Found a faded altar of an unknown god.
  1480 | D:3      | Reached XP level 5. HP: 17/43 MP: 12/12
  2227 | D:4      | Noticed Pikel
  2227 | D:4      | Noticed a lemure
  2227 | D:4      | Noticed a necrophage
  2228 | D:4      | Noticed a lemure
  2228 | D:4      | Noticed a lemure
  2233 | D:3      | Learned a level 2 spell: Blink
  2237 | D:3      | Learned a level 3 spell: Gell's Gravitas
  2241 | D:3      | Learned a level 3 spell: Lesser Beckoning
  2245 | D:3      | Learned a level 3 spell: Teleport Other
  2248 | D:4      | Noticed a lemure
  2253 | D:4      | HP: 2/41 [lemure[Pikel] (2)]
  2258 | D:3      | Slain by Pikel

Illustrated notes

Levels and vault maps discovered:
D:1:      dpeg_arrival_rooms_b, layout_basic
D:2:      layout_rooms, hellmonk_ecumenical_altar_arch_garden, serial_shops,
          shop, basic_altar, mrwooster_statue_mirror,
          amcnicky_mini_corridor_feature, minmay_lizard_king, uniq_jessica
D:3:      layout_loops_ring, kennysheep_small_spiral, hex_large
D:4:      layout_basic, uniq_pikel

Skill      XL: |  1  2  3  4 |
---------------+-------------+-----
Spellcasting   | 5 |  5.1
Short Blades   | 1 |  1.4
Long Blades    | 1 |  1.4
Maces & Flails | 1 |  1.4
Polearms       | 1 |  1.4
Staves         | 1 |  1.4
Slings         | 1 |  1.4
Bows           | 1 |  1.4
Crossbows      | 1 |  1.4
Stealth        | 1 |  1.4
Shields        | 1 |  1.4
Unarmed Combat | 1 |  1.4
Invocations    | 1 |  1.5
Evocations     | 1 |  1.4
Conjurations   | 1 |  1.1
Hexes          | 1 |  1.1
Summonings     | 1 |  1.1
Necromancy     | 1 |  1.1
Transmutations | 1 |  1.1
Fire Magic     | 1 |  1.1
Ice Magic      | 1 |  1.1
Air Magic      | 1 |  1.1
Earth Magic    | 1 |  1.1
Poison Magic   | 1 |  1.1
Fighting       | |  4.7
Axes           | |  4.7
Throwing       | |  2.9
Armour         | |  2.9
Dodging        | |  4.7
Translocations | |  5.5

Action                   |  1- 3 |  4- 6 || total
-------------------------+-------+-------++-------
Melee: War axe           |    42 |    92 ||   134
       Bite              |     2 |     3 ||     5
       Punch             |       |     4 ||     4
 Cast: Blink             |       |     1 ||     1
  Use: Potion            |       |     2 ||     2
 Stab: Sleeping          |     2 |     1 ||     3
Armor: Leather armour    |     7 |     5 ||    12
       Robe              |       |    24 ||    24
       Skin              |       |     4 ||     4
Dodge: Dodged            |    28 |    59 ||    87
